Map: Site Delta LE

Players

SubN

  • Race: Zerg Zerg
  • League: Diamond
  • Spawn Location: 5:00

KingGhidorah - Winner!

  • Race: Zerg Zerg
  • League: Diamond
  • Spawn Location: 11:00

VOD

Have the link to the VOD?

Description

Time

  • Played on: Nov. 22, 2023, 12:15 p.m.
  • Length: 3:58
Show
View Real Time Build Order
Export as new Build Order

SubN Zerg 

Build Orders: Pool First 

Get SALT Encoding   

  12  0:00  Drone  
  13  0:08  Drone  
  14  0:16  Extractor  
  13  0:32  Spawning Pool  
  12  0:55  Hatchery  
  11  1:21  Queen  
  11  1:25  Overlord  
  13  1:36  Metabolic Boost  
  13  1:42  Zergling x2  
  13  1:45  Zergling x2  
  15  1:48  Zergling x2  
  16  1:55  Zergling x2  
  17  2:04  Zergling x2  
  18  2:10  Zergling x2  
  19  2:20  Zergling x4  
  21  2:26  Zergling x2  
  21  2:29  Zergling x2  
  23  2:30  Zergling x4  
  25  2:38  Zergling x2  
  26  2:47  Zergling x4  
  27  3:14  Zergling x2  
  27  3:15  Zergling x8  
  21  3:33  Zergling x2  
  21  3:34  Zergling x8  
  23  3:39  Zergling x2  
Show
View Real Time Build Order
Export as new Build Order

KingGhidorah Zerg - Winner!

Build Orders: Pool First 

Get SALT Encoding   

  12  0:00  Drone  
  13  0:12  Overlord  
  13  0:19  Drone  
  14  0:31  Drone x2  
  16  0:41  Spawning Pool  
  15  0:44  Drone  
  15  0:49  Extractor  
  15  0:51  Drone  
  16  1:12  Hatchery  
  15  1:28  Zergling x6  
  18  1:36  Queen  
  20  1:41  Drone  
  21  1:49  Overlord  
  21  1:58  Metabolic Boost  
  21  2:03  Drone  
  22  2:12  Drone  
  23  2:25  Drone x2  
  25  2:32  Queen  
  25  2:33  Overlord  
  27  2:42  Zergling x2  
  28  2:46  Zergling x6  
  28  2:49  Zergling x2  
  32  2:53  Zergling x2  
  33  3:04  Roach Warren  
  30  3:13  Zergling x6  
  30  3:18  Zergling x2  
  30  3:19  Zergling x2  
  30  3:25  Zergling x4  
  28  3:29  Zergling x2  
  27  3:35  Zergling x4  
Tags
 
Add a new tag
Caveats
  • Supply blocks, unpowered buildings, or Contaminate may cause inaccurate times.
  • Supply counts are checked every 10 seconds.